AoeStats
← noobwin7

Arena

504734066Analyzed
4v4 RM · 28d ago on Sep 6, 2026· 36m 29s· 8 players
Game mode
Random Map
Map size
Large (8 player)
Population
200
Speed
Normal
Resources
Standard
Victory
Conquest
Starting age
Dark Age
Ending age
Imperial Age
RankedLock teamsTeams togetherTeam positionsShared explorationLock speedFull tech treeHidden civsTurbo modeCheats
Victory
Defeat
🇫🇷 Sicilians · France
1412
+14
🇬🇧 Britons · United Kingdom
1381
+15
1358
+16
🇹🇷 Ethiopians · Türkiye
1332
+17
🇨🇳 Malay · China
1418
-18
🇨🇳 Berbers · China
1356
-15
🇨🇳 Vietnamese · China
1356
-15
🇨🇳 Khmer · China
1326
-14
Faker
10:21 Feudal Age
11:07 Double-Bit Axe
11:27 Loom
15:00 Castle Age
16:06 Bow Saw
15:38 Horse Collar
17:02 Heavy Plow
20:16 Scale Barding Armor
21:10 Husbandry
21:25 Bloodlines
22:29 Wheelbarrow
22:12 Gold Mining
23:15 Forging
23:34 Husbandry
23:49 Town Watch
25:50 Chain Barding Armor
27:48 Stone Mining
29:10 Gold Shaft Mining
30:06 Iron Casting
30:16 Stone Shaft Mining
30:03 Masonry
32:51 Imperial Age
30:39 Hand Cart
29:46 Light Cavalry
31:37 Treadmill Crane
33:35 Iron Casting
34:33 Plate Barding Armor
33:20 Hussar
33:43 Cavalier
34:58 Ballistics
34:16 Elite Camel Archer
34:49 Fletching
36:07 Blast Furnace
35:35 Conscription
仙逆许木
12:04 Feudal Age
15:05 Castle Age
13:17 Double-Bit Axe
13:23 Horse Collar
16:17 Bow Saw
16:17 Heavy Plow
17:07 Wheelbarrow
noobwin7
10:18 Feudal Age
14:44 Castle Age
13:46 Double-Bit Axe
14:15 Town Watch
15:28 Bow Saw
18:40 Horse Collar
19:03 Loom
22:00 Gold Mining
25:37 Heavy Plow
26:11 Squires
25:56 Arson
28:24 Wheelbarrow
28:22 Forging
31:08 Iron Casting
33:06 Imperial Age
31:48 Iron Casting
30:58 Treadmill Crane
32:14 Capped Ram
33:45 Conscription
34:47 Blast Furnace
34:44 Masonry
34:47 Elite Karambit Warrior
36:00 Hand Cart
_OMO_
7:01 Loom
9:45 Feudal Age
10:55 Double-Bit Axe
15:39 Fletching
21:51 Castle Age
20:06 Horse Collar
21:50 Scale Barding Armor
22:46 Bow Saw
22:52 Bloodlines
24:42 Heavy Plow
25:45 Wheelbarrow
27:36 Hand Cart
33:07 Imperial Age
30:29 Gold Mining
30:31 Stone Mining
31:40 Bodkin Arrow
31:46 Padded Archer Armor
32:32 Thumb Ring
35:16 Two-Man Saw
34:47 Crop Rotation
34:14 Crossbowman
Based Lettuce
11:12 Feudal Age
15:21 Castle Age
13:10 Double-Bit Axe
13:31 Horse Collar
16:25 Bow Saw
16:17 Heavy Plow
19:51 Wheelbarrow
23:34 Hand Cart
23:05 Loom
28:52 Imperial Age
26:52 Padded Archer Armor
27:02 Gold Mining
27:07 Stone Mining
26:42 Crossbowman
28:28 Ballistics
28:19 Masonry
28:34 Pikeman
29:15 Squires
30:36 Chemistry
29:56 Fortified Wall
29:58 Fletching
30:23 Leather Archer Armor
30:20 Arbalester
31:33 Bodkin Arrow
34:42 Yeomen
34:42 Conscription
34:58 Bracer
35:28 Ring Archer Armor
35:25 Town Watch
35:10 Halberdier
35:56 Scale Mail Armor
36:06 Forging
DetectiveYemitoShumafuk
4:07 Loom
10:30 Feudal Age
14:31 Castle Age
13:05 Double-Bit Axe
13:40 Horse Collar
14:13 Loom
24:31 Wheelbarrow
24:53 Heavy Plow
25:27 Bow Saw
25:13 Loom
27:10 Hand Cart
30:33 Imperial Age
28:32 Scale Mail Armor
28:32 Town Watch
28:43 Pikeman
29:24 Squires
29:10 Gambesons
29:11 Arson
28:49 Man-at-Arms
29:26 Town Watch
30:08 Stone Mining
30:09 Gold Mining
30:08 Long Swordsman
31:17 Chain Mail Armor
31:13 Forging
32:07 Wootz Steel
33:02 Conscription
34:15 Two-Man Saw
34:32 Plate Mail Armor
34:38 Iron Casting
33:45 Two-Handed Swordsman
34:51 Elite Urumi Swordsman
35:53 Masonry
35:48 Siege Elephant
37:43 Blast Furnace
Pedro
5:10 Loom
12:41 Feudal Age
16:12 Fletching
23:46 Castle Age
22:54 Double-Bit Axe
22:50 Horse Collar
26:05 Bow Saw
28:18 Heavy Plow
28:59 Wheelbarrow
29:47 Town Watch
32:50 Scale Mail Armor
33:00 Forging
36:40 Imperial Age
35:11 Chain Mail Armor
35:32 Iron Casting
35:07 Gold Mining
hirax34
10:29 Feudal Age
11:15 Loom
14:23 Castle Age
12:34 Double-Bit Axe
12:48 Horse Collar
20:50 Heavy Plow
23:10 Wheelbarrow
23:32 Gold Mining
24:58 Gold Shaft Mining
26:12 Bow Saw
29:07 Imperial Age
27:54 Hand Cart
27:47 Squires
27:50 Scale Mail Armor
28:46 Chain Mail Armor
28:42 Forging
29:19 Fletching
29:29 Padded Archer Armor
30:54 Chemistry
30:15 Ballistics
29:27 Crossbowman
30:48 Conscription
30:21 Town Watch
30:03 Arbalester
32:02 Bodkin Arrow
32:23 Leather Archer Armor
33:04 Bracer
36:00 Ring Archer Armor
35:04 Halberdier
36:29 Siege Engineers
36:48 Thumb Ring
37:38 Plate Mail Armor
Connection lost

Rejoining the realm…

Still unreachable

The connection could not be restored.

Session expired

The server has moved on; the page needs a fresh start.